 Dungeon Crawl Stone Soup version 0.21-a0-536-gdbbf329 (webtiles) character file.

22 KristoblXynda the Chucker (level 2, 0/17 HPs)
             Began as a Tengu Hunter on Dec 14, 2017.
             Slain by a leopard gecko (1 damage)
             ... on level 2 of the Dungeon.
             The game lasted 00:01:39 (916 turns).

KristoblXynda the Chucker (Tengu Hunter)             Turns: 916, Time: 00:01:40

Health: 0/17       AC:  3    Str: 12    XL:     2   Next: 91%
Magic:  3/3        EV: 12    Int: 11    God:
Gold:   84         SH:  0    Dex: 14    Spells: 1/1 levels left

rFire    . . .     SeeInvis .   a - +1 short sword
rCold    . . .     Gourm    .   (no shield)
rNeg     . . .     Faith    .   b - +0 leather armour
rPois    .         Spirit   .   (helmet restricted)
rElec    .         Reflect  .   (no cloak)
rCorr    .         Harm     .   (no gloves)
MR       .....                  (boots unavailable)
Stlth    ++........             (no amulet)
HPRegen  0.05/turn              (no ring)
MPRegen  0.08/turn              (no ring)

@: no status effects
A: beak, talons 3
a: no special abilities


You were on level 2 of the Dungeon.
You were not hungry.

You visited 1 branch of the dungeon, and saw 2 of its levels.

You collected 84 gold pieces.

Inventory:

Hand Weapons
 a - a +1 short sword (weapon)
Missiles
 c - 6 javelins (quivered)
 d - 2 throwing nets
Armour
 b - a +0 leather armour (worn)
Potions
 g - a potion of cancellation
 i - a potion of magic
Comestibles
 f - a bread ration
 j - a royal jelly
 k - 3 fruits


   Skills:
 - Level 2.0 Fighting
 + Level 4.2 Throwing
 + Level 2.8 Dodging
 + Level 1.8 Stealth


You had one spell level left.
You didn't know any spells.

Dungeon Overview and Level Annotations

Branches:
Dungeon (2/15)

Altars:

Annotations:
D:2 Natasha


Innate Abilities, Weirdness & Mutations

You have a beak for a mouth.
You have claws for feet.


Message History

As you read the scroll labeled CAUCZOREBIPT, it crumbles to dust.
It is a scroll of enchant weapon.
Your +0 short sword glows red for a moment.
The leopard gecko barely misses you. The giant cockroach closely misses you.
Okay, then.
You hit the giant cockroach but do no damage.
Your peck misses the giant cockroach. The leopard gecko closely misses you.
The giant cockroach closely misses you.
You closely miss the giant cockroach. You peck the giant cockroach.
The giant cockroach is heavily wounded.
The leopard gecko bites you.
* * * LOW HITPOINT WARNING * * *
The giant cockroach barely misses you.
Natasha mumbles some strange words.
You closely miss the giant cockroach.
The giant cockroach is heavily wounded.
The leopard gecko misses you.
The giant cockroach completely misses you.
The leopard gecko bites you.
You die...

###. ###.# .....
....# ..... ...#
..>... ...#
#...####5.###
#......5r...#
#...#.##h##.# #.
#r##l##.#<## #.
#.##@s......
##.##h#####.#.##
#....5#####.#
####..##.......##
............?...#
#....##.######.#
##....$..#
#.%......#
#%....##.#


You could see 2 iron imps, Natasha, a leopard gecko, a giant cockroach and a
rat.

Vanquished Creatures
  A ball python (D:1)
  8 bats (D:1)
  2 goblins (D:1)
  2 hobgoblins (D:1)
  A frilled lizard (D:1)
  2 kobolds (D:1)
  4 rats (D:1)
20 creatures vanquished.

Notes
Turn   | Place    | Note
-------+----------+-------------------------------------------
     0 | D:1      | KristoblXynda the Tengu Hunter began the quest for the Orb.
     0 | D:1      | Reached XP level 1. HP: 12/12 MP: 2/2
    85 | D:1      | Reached XP level 2. HP: 14/17 MP: 3/3
   672 | D:1      | Noticed a big kobold
   673 | D:1      | Noticed a big kobold
   678 | D:1      | Noticed a big kobold
   679 | D:1      | Noticed a big kobold
   883 | D:2      | Noticed Natasha
   916 | D:2      | Slain by a leopard gecko

Vault maps used:
D:1:      erik_arrival_cave_to_civilisation
D:2:      nicolae_dithmenos_through_a_glass_darkly, first_bread,
          lemuel_tele_altar, uniq_natasha

Action                   || total
-------------------------++-------
Melee: Short sword       ||    46
       Kick              ||     9
       Peck              ||     5
  Use: Scroll            ||     4
 Stab: Sleeping          ||     2
Armor: Leather armour    ||    26
Dodge: Dodged            ||    67

Table legend:
 A = Spawn XP
 B = Non-spawn XP
 C = Spawn XP percentage of total XP
 D = Spawn monster count
 E = Non-spawn monster count
 F = Spawn count percentage of total count
 G = Total turns spent on level
                    A         B        C        D         E        F      G
               +---------+---------+-------+---------+---------+-------+---------
         Total |       0 |      32 |   0.0 |       0 |      20 |   0.0 |   916
               +---------+---------+-------+---------+---------+-------+---------
           D:1 |       0 |      32 |   0.0 |       0 |      20 |   0.0 |   883
               +---------+---------+-------+---------+---------+-------+---------
